 Dungeon Crawl Stone Soup version 0.22-a0-369-gc73351f94e (webtiles) character file.

32 Octomaniac the Insei (level 3, -2/23 HPs)
             Began as an Octopode Transmuter on Apr 25, 2018.
             Slain by a goblin
             ... wielding a +0 club
             ... led by Robin
              (10 damage)
             ... on level 2 of the Dungeon.
             The game lasted 00:02:32 (899 turns).

Octomaniac the Insei (Octopode Transmuter)           Turns: 899, Time: 00:02:33

Health: -2/23      AC:  1    Str: 10    XL:     3   Next: 27%
Magic:  6/6        EV: 13    Int: 15    God:
Gold:   13         SH:  0    Dex: 12    Spells: 3/6 levels left

rFire    . . .     SeeInvis .     - Unarmed
rCold    . . .     Gourm    .   (no shield)
rNeg     . . .     Faith    .   (helmet restricted)
rPois    .         Spirit   .   (no amulet)
rElec    .         Reflect  .   (no ring)
rCorr    .         Harm     .   (no ring)
MR       .....                  (no ring)
Stlth    +++.......             (no ring)
HPRegen  0.07/turn              (no ring)
MPRegen  0.10/turn              (no ring)
                                (no ring)
                                (no ring)

@: no status effects
A: almost no armour, stealthy swim, amphibious, 8 rings, constrict 8, camouflage
1, gelatinous body 1
a: no special abilities


You were on level 2 of the Dungeon.
You were not hungry.

You visited 1 branch of the dungeon, and saw 2 of its levels.

You collected 13 gold pieces.

Inventory:

Missiles
 a - 31 arrows
Scrolls
 b - 4 scrolls of identify {unknown}
 e - a scroll of remove curse {unknown}
Potions
 d - 2 potions of curing {unknown}
 g - 2 potions of ambrosia {unknown}
 h - a potion of berserk rage {unknown}
 i - a potion of resistance {unknown}
Comestibles
 c - a ration
 f - 2 chunks of flesh


   Skills:
 - Level 1.0 Fighting
 - Level 2.0 Dodging
 + Level 4.3 Unarmed Combat
 - Level 2.0 Spellcasting
 - Level 2.0 Transmutations


You had 3 spell levels left.
You knew the following spells:

 Your Spells              Type           Power        Failure   Level  Hunger
a - Beastly Appendage     Tmut           #.....       10%         1    #......
b - Sticks to Snakes      Tmut           #.......     14%         2    ###....


Dungeon Overview and Level Annotations

Branches:
Dungeon (2/15)

Altars:
Okawaru

Annotations:
D:2 Robin


Innate Abilities, Weirdness & Mutations

You cannot wear most types of armour.
You are very stealthy in the water. (Stealth+)
You are amphibious.
You can wear up to eight rings at the same time.
You can use your tentacles to constrict eight enemies at once.
Your skin changes colour to match your surroundings (Stealth+).
Your rubbery body absorbs attacks. (AC +1, EV +1)


Message History

Unknown command.
You release your grip on Robin.
You tentacle-slap the hobgoblin but do no damage.
Your grab misses the hobgoblin. You squeeze the hobgoblin.
The hobgoblin is severely wounded.
You tentacle-slap the hobgoblin but do no damage.
Your grab misses the hobgoblin. Your squeeze misses the hobgoblin.
The hobgoblin is severely wounded.
The hobgoblin barely misses you.
Robin roars a battlecry!
The goblins go into a battle-frenzy!
You tentacle-slap the hobgoblin but do no damage.
You grab the hobgoblin. You squeeze the hobgoblin.
The hobgoblin is almost dead.
You constrict the hobgoblin.
You kill the hobgoblin!
The goblin closely misses you.
You barely miss the goblin. Your grab misses the goblin.
The goblin hits you with a club!
You die...

............g..
#....≈≈≈≈.≈≈≈≈≈.
#....≈≈≈≈.≈≈≈≈≈.
+....≈≈≈≈.≈≈≈≈≈.
##....≈≈≈≈.≈≈≈≈≈.
#..>..≈≈≈≈.......
#...........≈≈≈≈.
#...>.≈≈g†≈.≈≈≈≈.
###.....≈≈≈@≈.≈≈≈≈.
#...###.≈≈≈≈≈.≈≈≈≈.
#)####..g≈gg≈.≈≈≈≈.
#####.####...g.........
#...........#.........#
#.........#.######....#
##.##...##...# .[..#
#..#.....#...# ....#
#....._......# ..


You could see Robin, 2 hobgoblins and 2 goblins.

Vanquished Creatures
  A bat (D:1)
  2 giant cockroaches
  6 goblins
  8 hobgoblins
  5 frilled lizards
  5 kobolds
  A rat (D:1)
28 creatures vanquished.

Notes
Turn   | Place    | Note
-------+----------+-------------------------------------------
     0 | D:1      | Octomaniac the Octopode Transmuter began the quest for the Orb.
     0 | D:1      | Reached XP level 1. HP: 13/13 MP: 3/3
   299 | D:1      | Reached XP level 2. HP: 15/18 MP: 5/5
   306 | D:1      | Learned a level 2 spell: Sticks to Snakes
   793 | D:2      | Found an iron altar of Okawaru.
   821 | D:2      | Reached skill level 4 in Unarmed Combat
   824 | D:2      | Noticed Robin
   877 | D:2      | Reached XP level 3. HP: 23/23 MP: 6/6
   899 | D:2      | Slain by a goblin

Vault maps used:
D:1:      evilmike_arrival_home_sweet_home
D:2:      grunt_temple_overflow_holy_war, kennysheep_slug_shrine, minivault_14,
          okawaru_gym_becter, uniq_robin, uniq_terence

Skill      XL: |  1  2 |
---------------+-------+-----
Unarmed Combat | 4 |  4.3
Fighting       | |  1.0
Dodging        | |  2.0
Spellcasting   | |  2.0
Transmutations | |  2.0

Action                   || total
-------------------------++-------
Melee: Unarmed           ||    57
       Constrict         ||    14
       Tentacles         ||     7
       Punch             ||     1
 Stab: Sleeping          ||     8
Armor: Skin              ||     4
Dodge: Dodged            ||    35

Table legend:
 A = Spawn XP
 B = Non-spawn XP
 C = Spawn XP percentage of total XP
 D = Spawn monster count
 E = Non-spawn monster count
 F = Spawn count percentage of total count
 G = Total turns spent on level
                    A         B        C        D         E        F      G
               +---------+---------+-------+---------+---------+-------+---------
         Total |       0 |      47 |   0.0 |       0 |      28 |   0.0 |   899
               +---------+---------+-------+---------+---------+-------+---------
           D:1 |       0 |      26 |   0.0 |       0 |      17 |   0.0 |   783
           D:2 |       0 |      21 |   0.0 |       0 |      11 |   0.0 |   116
               +---------+---------+-------+---------+---------+-------+---------
